 Dungeon Crawl Stone Soup version 0.32-a0-818-gb728d0252e (webtiles) character file.

Game seed: 4720144001585259358

1897 croobank the Ducker (level 8, -3/42 HPs)
             Began as a Felid Monk on Mar 23, 2024.
             Was a Believer of Kikubaaqudgha.
             Slain by a gnoll sergeant
             ... wielding a +0 spear
              (9 damage)
             ... on level 7 of the Dungeon on Mar 24, 2024.
             The game lasted 00:29:39 (7863 turns).

croobank the Ducker (Felid Monk)                    Turns: 7863, Time: 00:29:40

Health: -3/42      AC:  2    Str: 15    XL:     8   Next: 93%
Magic:  17/17      EV: 20    Int: 14    God:    Kikubaaqudgha [**....]
Gold:   318        SH:  0    Dex: 19    Spells: 4/17 levels left
                                        Lives:  0   Deaths: 2

rFire   . .          .
                       - Unarmed
rCold   . . .        (shield unavailable)
rNeg    + . .        (body armour unavailable)
rPois   .            (helmet unavailable)
rElec   .            (cloak unavailable)
rCorr   .            (gloves unavailable)
SInv    +            (boots unavailable)
Will    +....        n - amulet of magic regeneration
Stlth   ++++         p - ring of flight
HPRegen 0.27/turn    g - ring "Noletwox" {rN+ Str+6 Stlth+}
MPRegen 0.55/turn

%: no passive effects
@: mighty, flying
A: very small, claws 1, fangs 3, see invisible, shaggy fur 2, stealthy paws, no
weapons or thrown items, no armour, multi-lived
a: Renounce Religion, Unearth Wretches


You were on level 7 of the Dungeon.
You worshipped Kikubaaqudgha.
Kikubaaqudgha was pleased with you.
You visited 2 branches of the dungeon, and saw 8 of its levels.
You also visited: Ossuary.

You collected 402 gold pieces.
You spent 84 gold pieces at shops.

Inventory:

Jewellery
 g - the ring "Noletwox" (right paw) {rN+ Str+6 Stlth+}
   (You acquired it on level 6 of the Dungeon)

   [ring of strength]

   Str+6:     It affects your strength (+6).
   rN+:       It protects you from negative energy.
   Stlth+:    It makes you more stealthy.
 k - an amulet of regeneration
 n - an amulet of magic regeneration (around neck)
 p - a ring of flight (left paw)
 t - an amulet of the acrobat
Talismans
 c - the maw talisman of the Nightingale {rPois}
   (You found it on level 6 of the Dungeon)

   [maw talisman]

   rPois:     It protects you from poison.
Scrolls
 i - a scroll of amnesia
 o - 5 scrolls of poison
 u - 2 scrolls of teleportation
 v - a scroll of fear
Potions
 a - 3 potions of ambrosia
 b - a potion of curing
 e - 3 potions of might
 f - a potion of attraction
 h - 3 potions of brilliance
 j - 2 potions of magic
 l - 3 potions of lignification {unknown}
 m - a potion of invisibility {unknown}
 r - a potion of mutation {unknown}
 s - a potion of haste {unknown}


   Skills:
 + Level 4.8 Fighting
 + Level 6.2 Dodging
 + Level 4.8 Stealth
 + Level 4.7 Unarmed Combat
 + Level 5.4 Spellcasting
 * Level 0.8 Summonings
 + Level 2.1 Necromancy
 - Level 5.1 Ice Magic


You had 4 spell levels left.
You knew the following spells:

 Your Spells              Type           Power      Damage    Failure   Level
a - Frozen Ramparts       Ice            36%        1d6       6%          3
b - Ozocubu's Armour      Ice            18%        N/A       6%          3
c - Call Canine Familiar  Summ           6%         N/A       34%         3
A - Animate Dead          Necr           9%         N/A       56%         4

Your spell library contained the following spells:

 Spells                   Type           Power      Damage    Failure   Level
 Necrotise                Necr           36%        1d5       7%          1
 Kiss of Death            Conj/Necr      24%        2d7       11%         1
 Sublimation of Blood     Necr           9%         N/A       11%         2
 Foxfire                  Conj/Fire      12%        2x1d4     17%         1
 Call Imp                 Summ           12%        N/A       19%         2
 Fugue of the Fallen      Necr           9%         N/A       21%         3
 Vampiric Draining        Necr           9%         2d6       21%         3
 Sigil of Binding         Hex            3%         N/A       45%         3
 Ignite Poison            Fire/Alch      3%         N/A       86%         4
 Iskenderun's Mystic Bla  Conj/Tloc      3%         2d3       86%         4
 Manifold Assault         Tloc           3%         N/A       86%         4
 Sticky Flame             Fire/Alch      3%         2d4       86%         4
 Metabolic Englaciation   Hex/Ice        5%         N/A       85%         5
 Summon Hydra             Summ           3%         N/A       100%        7
 Dimensional Bullseye     Hex/Tloc       Unusable   N/A       N/A         4

Dungeon Overview and Level Annotations

Branches:
Dungeon (7/15)             Temple (1/1) D:6         Ossuary (visited)

Altars:
Dithmenos
Elyvilon
Fedhas
Gozag
Hepliaklqana
Kikubaaqudgha
Makhleb
Nemelex Xobeh
Okawaru
Qazlal
Ru
Trog
Wu Jian
Xom
Yredelemnul
The Shining One

Shops:
D:2 !*   D:4 [

Annotations:
D:3 1 runed translucent door, Crazy Yiuf


Innate Abilities, Weirdness & Mutations

You have sharp claws.
You have razor-sharp teeth.
You have supernaturally acute eyesight. (SInv)
You are covered in thick fur. (AC +2)
Your paws help you pounce on unaware monsters.
You are incapable of wielding weapons or throwing items.
You cannot wear armour.
You gain extra lives every three experience levels.


Message History

You swap places.
The black bear bites your gnoll zombie!
The black bear claws your gnoll zombie. x2
Your gnoll zombie is destroyed!
What are your orders? t - Meow!
Orders for allies: a - Attack new target. r - Retreat! s - Stop attacking. g - Guard the area. f - Follow me.
Anything else - Cancel.
Gang up on whom?
Press: ? - help, Dir - move target, f - black bear
Aim: a black bear (heavily wounded, ally target) Attack!
Your gnoll zombie hits the black bear.
The black bear bites your gnoll zombie.
Your gnoll zombie is destroyed!
The gnoll sergeant hits your gnoll zombie with a +0 spear.
You feel very mighty all of a sudden.
Your gnoll zombie hits the black bear.
You scratch the black bear. Your bite misses the black bear.
The black bear is almost dead.
The black bear goes berserk!
Your gnoll zombie hits the black bear but does no damage.
The gnoll sergeant hits you from afar with a +0 spear.
You barely miss the black bear.
The black bear is severely wounded.
The black bear bites you. The black bear misses you.
The black bear closely misses you. The gnoll sergeant barely misses you.
You claw the black bear!
You kill the black bear!
Kikubaaqudgha accepts your kill.
Your gnoll zombie barely misses the gnoll sergeant.
The gnoll sergeant hits you with a +0 spear!
* * * LOW HITPOINT WARNING * * *
Your gnoll zombie hits the gnoll sergeant but does no damage.
There is an open door, spattered with blood here.
You see here a black bear corpse.
You barely miss the gnoll sergeant.
The gnoll sergeant hits you with a +0 spear!
You die...
Kikubaaqudgha rasps: You have failed me!
Welcome... death!

...).......#
...........#
...........#
.........### #
........##. .##
>.......#.♣#### ♣.#
........#.##...##.#
........#.#.♣.♣.#.#
........'.#..<.g@.#
..?.....#.#.♣.♣Z#.#
#########.##...##.#
#.♣#####♣)#
##....)Z)##
#########


You could see a gnoll sergeant (ally target) and a friendly gnoll zombie.

Vanquished Creatures
  Menkaure (Ossuary)
  A steam dragon (D:7)
  A black bear (D:7)
  An orc warrior (D:7)
  2 ice beasts
  A sky beast (D:6)
  An ogre (D:4)
  A centaur (D:6)
  A kobold brigand (D:6)
  4 scorpions
  A gnoll sergeant (D:6)
  2 bombardier beetles
  2 hounds
  A jelly (D:5)
  3 orc wizards
  2 sleepcaps
  3 mummies (Ossuary)
  9 gnolls
  5 adders
  3 white imps
  2 ufetubi (D:6)
  2 ribbon worms
  18 orcs
  12 endoplasms
  2 giant cockroaches (D:2)
  2 gnoll zombies (Ossuary)
  8 goblins
  4 hobgoblins
  4 jackals (D:1)
  7 kobolds
  2 quokkas
  7 ball pythons
  2 bats
  4 frilled lizards
  8 gnoll skeletons (Ossuary)
  5 goblin skeletons (Ossuary)
  3 goblin zombies (Ossuary)
  A hobgoblin skeleton (Ossuary)
  3 hobgoblin zombies (Ossuary)
  4 kobold skeletons (Ossuary)
  7 kobold zombies (Ossuary)
  7 orc skeletons (Ossuary)
  5 orc zombies (Ossuary)
  4 rats
  5 rat zombies (Ossuary)
173 creatures vanquished.

Vanquished Creatures (collateral kills)
  An orc wizard (D:7)
  An orc (D:7)
2 creatures vanquished.

Vanquished Creatures (others)
  A steam dragon zombie (D:7)
  2 gnoll zombies (D:7)
3 creatures vanquished.

Grand Total: 178 creatures vanquished

Notes
Turn   | Place    | Note
-------+----------+-------------------------------------------
     0 | D:1      | croobank the Felid Monk began the quest for the Orb.
     0 | D:1      | Reached XP level 1. HP: 12/12 MP: 2/2
   175 | D:1      | Reached XP level 2. HP: 13/16 MP: 3/3
  1152 | D:2      | Found a glowing golden altar of the Shining One.
  1187 | D:2      | Reached XP level 3. HP: 19/20 MP: 4/4
  1354 | D:2      | Found Jibec's Distillery.
  1358 | D:2      | Bought 2 potions of curing for 84 gold pieces
  1378 | D:2      | Found Lepnon's Assorted Antiques.
  1880 | D:3      | Reached skill level 1 in Stealth
  1944 | D:3      | Reached XP level 4. HP: 25/25 MP: 5/5
  1944 | D:3      | Gained a life (2 lives remaining)
  1996 | D:3      | Learned a level 3 spell: Frozen Ramparts
  2165 | D:3      | Found a runed translucent door.
  2166 | D:3      | Noticed Crazy Yiuf
  2672 | D:4      | Reached skill level 5 in Dodging
  2703 | D:4      | Reached XP level 5. HP: 16/29 MP: 3/7
  2731 | D:4      | Reached skill level 1 in Spellcasting
  2731 | D:4      | Reached skill level 1 in Ice Magic
  2864 | D:4      | Noticed an ogre
  2870 | D:4      | Killed an ogre
  2871 | D:4      | Gained mutation: You are covered in thick fur. (AC +2)
                  | [Felid growth]
  2871 | D:4      | Reached XP level 6. HP: 33/33 MP: 3/9
  2880 | D:4      | Found a sand-covered staircase.
  2889 | Ossuary  | Entered an ossuary
  4102 | Ossuary  | Learned a level 3 spell: Ozocubu's Armour
  4103 | Ossuary  | Noticed Menkaure
  4109 | Ossuary  | Killed Menkaure
  4256 | D:4      | Reached XP level 7. HP: 31/37 MP: 6/12
  4350 | D:4      | Found Samouheo's Antique Armour Emporium.
  4820 | D:5      | Entered Level 5 of the Dungeon
  5730 | D:6      | Found a shimmering altar of Xom.
  5885 | D:6      | Reached XP level 8. HP: 15/42 MP: 12/16
  6140 | D:6      | Slain by a gnoll sergeant
  6140 | D:6      | Lost a life (1 life remaining)
  6369 | D:6      | Reached skill level 5 in Spellcasting
  6369 | D:6      | Reached skill level 5 in Ice Magic
  6491 | D:6      | Got the Vellum of Discontinuous Anthracomancy
  6518 | D:6      | Identified the maw talisman of the Nightingale {rPois}
  6662 | D:6      | Found a staircase to the Ecumenical Temple.
  6693 | D:6      | Identified a scroll of acquirement
  6694 | D:6      | Acquired the ring "Noletwox" {rN+ Str+6 Stlth+}
  6697 | Temple   | Entered the Ecumenical Temple
  6709 | Temple   | Became a worshipper of Kikubaaqudgha
  6709 | Temple   | Reached * piety under Kikubaaqudgha
  6709 | Temple   | Received a gift from Kikubaaqudgha
  6709 | Temple   | Reached ** piety under Kikubaaqudgha
  6715 | Temple   | Learned a level 4 spell: Animate Dead
  6967 | D:7      | Killed from afar by a steam dragon
  6967 | D:7      | Lost a life (0 lives remaining)
  7205 | D:7      | Reached skill level 1 in Necromancy
  7369 | D:7      | Reached skill level 6 in Dodging
  7786 | D:7      | Learned a level 3 spell: Call Canine Familiar
  7863 | D:7      | Slain by a gnoll sergeant

Illustrated notes

Levels and vault maps discovered:
D:1:      psy_arrival_terrarium, layout_basic
D:2:      layout_basic, serial_shops, nicolae_shop_tiny_glass,
          nicolae_shop_back_alley_shop, basic_altar
D:3:      cheibrodos_old_hovel, layout_loops_ring, uniq_crazy_yiuf_cottage
D:4:      layout_loops_ring, lightli_ossuary_entry_decrepit_ruins, serial_shops,
          nicolae_shop_peninsula
D:5:      layout_basic
D:6:      layout_loops_ring, xom_teletrap_fun, minmay_temple_entry_tees,
          minmay_gold_behind_fungi, feat_on_display
D:7:      layout_basic, serial_glass, glass_columns_c, glass_columns_b,
          grunt_ministairs_11, uniq_menkaure
Temple:   nicolae_temple_great_sept

Skill      XL: |  1  2  3  4  5  6  7  8 |
---------------+-------------------------+-----
Stealth        | 1 2 3 4 |  4.8
Dodging        | 5 6 |  6.2
Spellcasting   | 1 2 4 5 |  5.4
Ice Magic      | 1 3 4 5 |  5.1
Fighting       | 4 |  4.8
Unarmed Combat | 4 |  4.7
Necromancy     | 2 |  2.1
Summonings     | |  0.8

Action                     |  1- 3 |  4- 6 |  7- 9 || total
---------------------------+-------+-------+-------++-------
  Melee: Unarmed           |   102 |   228 |   154 ||   484
         Punch             |     5 |    11 |     8 ||    24
         Bite              |    11 |    26 |    16 ||    53
   Cast: Frozen Ramparts   |       |    16 |    29 ||    45
         Ozocubu's Armour  |       |     2 |    20 ||    22
         Animate Dead      |       |       |     3 ||     3
  Evoke: Wand              |       |     2 |     6 ||     8
    Use: Scroll            |     4 |     5 |     9 ||    18
         Potion            |       |     1 |     7 ||     8
   Stab: Sleeping          |     5 |     9 |    10 ||    24
         Distracted        |     1 |     3 |     1 ||     5
         Paralysed         |       |     4 |     3 ||     7
 Armour: Skin              |    20 |    34 |    93 ||   147
  Dodge: Dodged            |    77 |   127 |   150 ||   354

Table legend: (Time is in decaauts)
 A = Elapsed time spent in this place.
 B = Non-inter-level travel time spent in this place.
 C = Inter-level travel time spent in this place.
 D = Time resting spent in this place.
 E = Time spent auto-exploring this place.
 F = Levels seen in this place.
 G = Mean time per level.
                   A        B        C        D        E       F      G
               +--------+--------+--------+--------+--------+-----+--------+
         Total |   7836 |   7612 |    224 |   1837 |   3983 |   9 |  870.7 |
       Dungeon |   6465 |   6253 |    212 |   1194 |   3804 |   7 |  923.6 |
        Temple |     29 |     17 |     12 |      0 |      0 |   1 |   29.0 |
       Ossuary |   1341 |   1341 |      0 |    642 |    179 |   1 | 1341.0 |
               +--------+--------+--------+--------+--------+-----+--------+

Top non-repeatable levels by time:
 Ossuary: 1341 daAuts
     D:6: 1193 daAuts
     D:3: 1022 daAuts
     D:7: 919 daAuts
     D:5: 897 daAuts
     D:4: 864 daAuts
     D:1: 787 daAuts
     D:2: 780 daAuts
  Temple: 29 daAuts
